 Dungeon Sprint DCSS version 0.18-a0-270-ga9d907f (webtiles) character file.

2035 Kidiri the Covert (level 9, -1/45 HPs)
             Began as a Spriggan Enchanter on Nov 26, 2015.
             Was a Believer of Dithmenos.
             Shot with an arrow of flame by a centaur warrior (2 damage)
             ... in the Dungeon (Sprint III: "The Ten Rune Challenge").
             The game lasted 00:06:23 (1862 turns).

Kidiri the Covert (Spriggan Enchanter)              Turns: 1862, Time: 00:06:24

Health: -1/45      AC:  5    Str:  4    XL:     9   Next: 4%
Magic:  8/23       EV: 28    Int: 18    God:    Dithmenos [**....]
Gold:   19         SH:  0    Dex: 18    Spells: 8 memorised, 3 levels left

rFire  . . .     SeeInvis +     p - +0 dagger (vamp)
rCold  . . .     Clarity  .     q - +2 robe {MR+}
rNeg   . . .     SustAt   .     (shield restricted)
rPois  .         Gourm    .     (helmet restricted)
rElec  .         Spirit   .     e - +0 cloak (curse)
rCorr  .         Warding  .     (gloves unavailable)
rMut   .         NoTele   +     (boots unavailable)
MR     ++...                    (no amulet)
Stlth  ++++++++..               (no ring)
                                (no ring)

@: wreathed by umbra, very quick, very resistant to hostile enchantments,
extraordinarily stealthy
A: unfitting armour, see invisible, herbivore 3, speed 3, slow metabolism 2
a: Shadow Step, Renounce Religion


You were in the Dungeon.
You worshipped Dithmenos.
Dithmenos was pleased with you.
You were not hungry.

You visited 1 branch You collected 19 gold pieces.

Inventory:

Hand Weapons
 p - a +0 vampiric dagger (weapon)
Armour
 e - a cursed +0 cloak (worn)
 q - a +2 robe of magic resistance (worn)
Scrolls
 f - 2 scrolls of holy word
 j - a scroll of blinking
 l - a scroll of remove curse
Potions
 a - a potion of berserk rage
 c - a potion of might
 g - a potion of haste
 h - 2 potions of magic
 m - 2 potions of curing
 n - 2 potions of flight
 o - a potion of cure mutation
Books
 k - a book of Burglary

   Spells                             Type                      Level
   a - Swiftness                      Charms/Air                   2
   b - Passwall                       Transmutation/Earth          3
   c - Passage of Golubria            Translocation                4
   d - Lee's Rapid Deconstruction     Earth                        5
   e - Darkness                       Hexes                        6
   f - Invisibility                   Hexes                        6
Comestibles
 d - a bread ration
 i - a royal jelly


   Skills:
 + Level 4.2 Fighting
 * Level 8.5 Short Blades
 + Level 3.8 Armour
 * Level 11.2 Dodging
 * Level 12.3 Stealth
 * Level 9.6 Spellcasting
 + Level 3.7 Conjurations
 + Level 7.6 Hexes
 + Level 4.8 Translocations
 + Level 4.2 Transmutations
 + Level 4.1 Ice Magic
 + Level 3.0 Earth Magic
 - Level 2.3 Invocations


You had 3 spell levels left.
You knew the following spells:

 Your Spells              Type           Power        Failure   Level  Hunger
a - Corona                Hex            #####..      1%          1    None
b - Ensorcelled Hibernat  Hex/Ice        ####..       1%          2    None
c - Confuse               Hex            #####...     1%          3    None
d - Tukima's Dance        Hex            #####...     1%          3    None
e - Dazzling Spray        Conj/Hex       ####....     2%          3    None
f - Passwall              Trmt/Erth      ###.......   6%          3    None
g - Passage of Golubria   Tloc           N/A          14%         4    ###....
h - Lee's Rapid Deconstr  Erth           ###.......   78%         5    #####..


Dungeon Overview and Level Annotations

Branches:
Dungeon (1/1)

Altars:
Cheibriados
Dithmenos
Elyvilon
Fedhas
Gozag
Kikubaaqudgha
Makhleb
Nemelex Xobeh
Okawaru
Qazlal
Ru
Sif Muna
Trog
Vehumet
Xom
Yredelemnul
Zin
The Shining One
Jiyva
Lugonu


Innate Abilities, Weirdness & Mutations

You are tiny and cannot use many weapons and most armour.
You have supernaturally acute eyesight.
You are a herbivore.
You cover ground extremely quickly.
You need consume almost no food.


Message History

Increase (S)trength, (I)ntelligence, or (D)exterity?
You feel clever.
The centaur wields a shortbow.
The centaur shoots an arrow.
The arrow completely misses you.
Unknown command.
Casting: Dazzling Spray
Confirm with . or Enter, or press ? or * to list all spells.
Aiming: Dazzling Spray
Press: ? - help, Shift-Dir - straight line, f - centaur
Aim: a centaur, wielding a shortbow (umbra)
The spray of energy misses the centaur.
The spray of energy hits the centaur warrior.
The centaur warrior is heavily wounded.
The centaur warrior is dazzled.
A centaur warrior opens the door.
The centaur shoots an arrow.
The arrow barely misses you.
The centaur warrior shoots an arrow of flame.
The arrow of flame hits you!!
* * * LOW HITPOINT WARNING * * *
The arrow of flame burns you.
You die...

####### __%#__# ..)#%_#
+###+## ......# ..[...#
#####'#
__#...#+###############
__#...#..≈≈§§.#.@..c'.#
__#...#.#≈≈≈#.#.#)..##.#
__#...'.#..§#.#.#c..#
_.+...#.#...#...#...#
▓▓▓▓▓▓▓▓▓▓▓▓▓▓▓▓▓▓▓▓#


You could see a centaur warrior (blind) and a centaur.

Vanquished Creatures
  Snorg (D)
  A deep elf priest (D)
  A shadow (D)
  A spatial vortex (D)
  A necrophage (D)
  A centaur (D)
  An earth elemental (D)
  A water elemental (D)
  A scorpion (D)
  A jelly (D)
  A necromancer (D)
  A wizard (D)
  3 humans (D)
  A kobold demonologist (D)
  2 oozes (D)
  2 rats (D)
20 creatures vanquished.

Vanquished Creatures (others)
  2 draconian scorchers (D)
  2 yaktaurs (D)
  3 plants (D)
7 creatures vanquished.

Grand Total: 27 creatures vanquished

Notes
Turn   | Place    | Note
--------------------------------------------------------------
     0 | D        | Kidiri the Spriggan Enchanter began the quest for the Orb.
     0 | D        | Reached XP level 1. HP: 9/9 MP: 5/5
    23 | D        | Reached skill level 5 in Stealth
    23 | D        | Reached XP level 2. HP: 6/14 MP: 5/7
    27 | D        | Learned a level 2 spell: Ensorcelled Hibernation
    46 | D        | Killed a yaktaur
   212 | D        | Killed a white draconian scorcher
   229 | D        | Killed a white draconian scorcher
   260 | D        | Reached skill level 1 in Fighting
   260 | D        | Reached XP level 3. HP: 5/18 MP: 3/9
   265 | D        | Learned a level 3 spell: Confuse
   269 | D        | Learned a level 3 spell: Dazzling Spray
   473 | D        | Noticed a scorpion
   480 | D        | Killed a scorpion
   480 | D        | Reached skill level 1 in Armour
   480 | D        | Reached skill level 5 in Dodging
   480 | D        | Reached skill level 6 in Stealth
   480 | D        | Reached skill level 1 in Ice Magic
   480 | D        | Reached XP level 4. HP: 22/22 MP: 9/11
   488 | D        | Learned a level 3 spell: Tukima's Dance
   508 | D        | Gained mutation: You have a pair of small antennae on your head. [potion of mutation]
   508 | D        | Gained mutation: Your body sometimes deteriorates upon taking damage. [potion of mutation]
   508 | D        | Gained mutation: You are partially covered in large bone plates (AC +2, SH +2). [potion of mutation]
   509 | D        | Gained mutation: You are weak. (Str -2) [potion of mutation]
   509 | D        | Gained mutation: You occasionally shout uncontrollably at your foes. [potion of mutation]
   510 | D        | Lost mutation: You are weak. (Str -2) [potion of cure mutation]
   510 | D        | Lost mutation: Your body sometimes deteriorates upon taking damage. [potion of cure mutation]
   510 | D        | Lost mutation: You occasionally shout uncontrollably at your foes. [potion of cure mutation]
   510 | D        | Lost mutation: You have a pair of small antennae on your head. [potion of cure mutation]
   510 | D        | Lost mutation: You are partially covered in large bone plates (AC +2, SH +2). [potion of cure mutation]
   612 | D        | Reached skill level 7 in Stealth
   612 | D        | Reached skill level 5 in Spellcasting
   612 | D        | Reached skill level 1 in Conjurations
   612 | D        | Reached skill level 5 in Hexes
   612 | D        | Reached XP level 5. HP: 24/26 MP: 11/13
   636 | D        | Noticed a shadow
   667 | D        | Killed a shadow
   667 | D        | Reached skill level 5 in Short Blades
   667 | D        | Reached skill level 9 in Stealth
   667 | D        | Reached XP level 6. HP: 32/32 MP: 3/16
   680 | D        | Killed a yaktaur
   765 | D        | Found a stormy altar of Qazlal.
   766 | D        | Found a sacrificial altar of Ru.
   766 | D        | Found a burning altar of Makhleb.
   766 | D        | Found a viscous altar of Jiyva.
   766 | D        | Found a shimmering altar of Xom.
   766 | D        | Found a shadowy altar of Dithmenos.
   766 | D        | Found a sparkling altar of Nemelex Xobeh.
   766 | D        | Found a corrupted altar of Lugonu.
   766 | D        | Found an opulent altar of Gozag.
   766 | D        | Noticed a spatial vortex
   770 | D        | Became a worshipper of Dithmenos the Shadowed
  1059 | D        | Killed a spatial vortex
  1059 | D        | Reached skill level 1 in Invocations
  1179 | D        | Found a radiant altar of Vehumet.
  1180 | D        | Found a deep blue altar of Sif Muna.
  1180 | D        | Found an ancient bone altar of Kikubaaqudgha.
  1183 | D        | Reached skill level 10 in Stealth
  1212 | D        | Learned a level 3 spell: Passwall
  1217 | D        | Learned a level 4 spell: Passage of Golubria
  1222 | D        | Found a glowing silver altar of Zin.
  1223 | D        | Found a glowing golden altar of the Shining One.
  1223 | D        | Found a white marble altar of Elyvilon.
  1223 | D        | Noticed a deep elf priest
  1230 | D        | Killed a deep elf priest
  1230 | D        | Reached * piety under Dithmenos
  1230 | D        | Reached skill level 1 in Transmutations
  1230 | D        | Reached skill level 1 in Earth Magic
  1230 | D        | Reached XP level 7. HP: 10/36 MP: 9/19
  1449 | D        | Found an iron altar of Okawaru.
  1450 | D        | Found a bloodstained altar of Trog.
  1450 | D        | Noticed a human
  1450 | D        | Noticed a human
  1452 | D        | Killed a human
  1453 | D        | Killed a human
  1453 | D        | Reached skill level 10 in Dodging
  1453 | D        | Reached skill level 11 in Stealth
  1577 | D        | Found a snail-covered altar of Cheibriados.
  1578 | D        | Found a basalt altar of Yredelemnul.
  1578 | D        | Found a blossoming altar of Fedhas.
  1579 | D        | Reached ** piety under Dithmenos
  1579 | D        | Reached XP level 8. HP: 40/42 MP: 19/21
  1603 | D        | Learned a level 5 spell: Lee's Rapid Deconstruction
  1619 | D        | Noticed Snorg
  1637 | D        | Killed Snorg
  1637 | D        | Reached skill level 12 in Stealth
  1857 | D        | Noticed a centaur warrior
  1861 | D        | Reached XP level 9. HP: 19/45 MP: 10/23
  1862 | D        | HP: 1/45 [centaur warrior/arrow of flame (19)]
  1862 | D        | Shot with an arrow of flame by a centaur warrior

Vault maps used:
D:        dungeon_sprint_mu

Action                   |  1- 3 |  4- 6 |  7- 9 || total
-------------------------+-------+-------+-------++-------
Melee: Dagger            |    32 |    28 |     7 ||    67
 Cast: Corona            |     2 |       |       ||     2
       Ensorcelled Hiber |     2 |     1 |       ||     3
       Dazzling Spray    |       |    16 |     8 ||    24
  Use: Potion            |     3 |     4 |       ||     7
       Scroll            |       |     4 |       ||     4
 Stab: Sleeping          |     4 |     4 |     6 ||    14
       Invisible         |       |     1 |     1 ||     2
  Eat: Bread ration      |       |     1 |       ||     1
